 Dungeon Crawl Stone Soup version 0.27.0-1-g7a089689b8 (webtiles) character file.

Game seed: 12381438538803111003

244 fiver49 the Cutter (level 5, 0/38 HPs)
             Began as a Vampire Hunter on Aug 3, 2021.
             Slain by a phantom (7 damage)
             ... on level 4 of the Dungeon.
             The game lasted 00:04:57 (2947 turns).

fiver49 the Cutter (Vampire Hunter)                 Turns: 2947, Time: 00:04:58

Health: 0/38       AC:  7    Str: 12    XL:     5   Next: 83%
Magic:  5/5        EV: 11    Int: 13    God:
Gold:   89         SH:  0    Dex: 15    Spells: 4/4 levels left

rFire    . . .     SeeInvis +   a - +0 short sword
rCold    . . .     Faith    .   (no shield)
rNeg     . . .     Spirit   .   e - +0 ring mail
rPois    .         Reflect  .   f - +0 helmet
rElec    .         Harm     .   w - scarf {+Inv}
rCorr    .         Rampage  .   q - +0 pair of gloves
Will     .....                  (no boots)
Stlth    +.........             (no amulet)
HPRegen  0.32/turn              (no ring)
MPRegen  0.09/turn              (no ring)

@: healing quickly
A: alive, fangs 3, see invisible, vampiric 2
a: Exsanguinate, Evoke Invisibility


You were on level 4 of the Dungeon.
You visited 1 branch of the dungeon, and saw 4 of its levels.

You collected 89 gold pieces.

Inventory:

Hand Weapons
 a - a +0 short sword (weapon)
Missiles
 c - 5 javelins
 d - 2 throwing nets
 l - 4 poisoned darts (quivered)
Armour
 b - a +0 leather armour
 e - a +0 ring mail (worn)
 f - a +0 helmet (worn)
 q - a +0 pair of gloves (worn)
 w - a scarf of invisibility (worn)
Jewellery
 h - a +6 ring of intelligence
Wands
 u - a wand of flame (24)
Scrolls
 g - 2 scrolls of fear {unknown}
 i - 3 scrolls of teleportation {unknown}
 k - 2 scrolls of enchant armour {unknown}
 m - a scroll of noise {unknown}
 o - 4 scrolls of identify {unknown}
 s - 2 scrolls of immolation {unknown}
 t - 4 scrolls of amnesia {unknown}
Potions
 j - a potion of flight {unknown}
 n - 2 potions of brilliance {unknown}
 p - 2 potions of might {unknown}
 r - 2 potions of curing {unknown}
 v - 2 potions of degeneration {unknown}
 x - a potion of heal wounds {unknown}


   Skills:
 - Level 1.7 Fighting
 + Level 6.3 Short Blades
 - Level 3.2 Throwing
 - Level 2.1 Dodging
 - Level 1.5 Stealth


You had 4 spell levels left.
You didn't know any spells.
Your spell library contained the following spells:

 Spells                   Type           Power      Damage    Failure   Level
 Dazzling Flash           Conj/Hex       0%         N/A       91%         3
 Iskenderun's Mystic Bla  Conj/Tloc      0%         2d3       100%        4
 Starburst                Conj/Fire      0%         8x6d3     100%        6


Dungeon Overview and Level Annotations

Branches:
Dungeon (4/15)
 Temple: D:4-7

Altars:
Kikubaaqudgha
Okawaru

Shops:
D:4 (


Innate Abilities, Weirdness & Mutations

Your natural rate of healing is accelerated.
You have razor-sharp teeth.
You have supernaturally acute eyesight. (SInv)
You are afflicted with vampirism and can become a bat while bloodless.


Message History

The phantom is moderately damaged.
You closely miss the phantom.
The phantom is moderately damaged.
The phantom hits you.
You hit the phantom.
The phantom is moderately damaged.
The phantom hits you.
You closely miss the phantom.
The phantom is moderately damaged.
The phantom hits you.
The phantom blinks!
You blink.
You hit the phantom.
The phantom is heavily damaged.
The phantom hits you.
You closely miss the phantom. Your bite misses the phantom.
The phantom is heavily damaged.
You hit the phantom but do no damage.
The phantom is heavily damaged.
The phantom hits you.
* * * LOW HITPOINT WARNING * * *
The phantom blinks!
You blink.
You hit the phantom but do no damage.
The phantom is heavily damaged.
The phantom hits you but does no damage.
You hit the phantom but do no damage.
The phantom is heavily damaged.
The phantom closely misses you.
You closely miss the phantom.
The phantom is heavily damaged.
The phantom hits you.
* * * LOW HITPOINT WARNING * * *
The phantom blinks!
You blink.
You barely miss the phantom.
The phantom is heavily damaged.
You closely miss the phantom.
The phantom is heavily damaged.
The phantom hits you.
* * * LOW HITPOINT WARNING * * *
The phantom blinks!
You blink.
The phantom hits you!
You die...

.#...............######
#.# #...#####.#.#.####
#.# ##..# #.....# #.#
##.# ###>### #.# ##..##
#.# #.# #.#..# #.# #.#
....## #.# #.# ....#
#.####### #.# .<#.#
#.....@.# #.## ..#.##
#######W# ##.#. .....#
#.# ##.... ###..# #.#
###..... ###..# #.##.#
#....... .....#
#..ยงยง# #.#.....
####...# ###..#
#.##...# .. ...## ##.#
#.###.## .# #..+ #.#
#.# #.#


You could see a phantom.

Vanquished Creatures
  Jessica (D:2)
  An iguana (D:3)
  A hound skeleton (D:4)
  Robin (D:3)
  5 adders
  3 gnolls
  An adder zombie (D:2)
  A worm (D:4)
  7 dart slugs
  An orc (D:3)
  2 ball pythons (D:2)
  4 bats
  5 endoplasms
  3 giant cockroaches
  11 goblins
  7 hobgoblins
  4 jackals (D:1)
  2 quokkas
  A ball python skeleton (D:2)
  8 frilled lizards
  A kobold (D:2)
  5 rats
75 creatures vanquished.

Vanquished Creatures (others)
  3 withered plants
3 creatures vanquished.

Grand Total: 78 creatures vanquished

Notes
Turn   | Place    | Note
-------+----------+-------------------------------------------
     0 | D:1      | fiver49 the Vampire Hunter began the quest for the Orb.
     0 | D:1      | Reached XP level 1. HP: 16/16 MP: 1/1
   123 | D:1      | Reached skill level 1 in Short Blades
   161 | D:1      | Reached XP level 2. HP: 18/22 MP: 2/2
   178 | D:1      | Reached skill level 2 in Short Blades
   427 | D:1      | Reached skill level 3 in Short Blades
   520 | D:1      | Gained mutation: You are afflicted with vampirism and can
                  | become a bat while bloodless. [Vampire growth]
   520 | D:1      | Reached XP level 3. HP: 26/27 MP: 3/3
  1049 | D:2      | Reached skill level 4 in Short Blades
  1049 | D:2      | Reached XP level 4. HP: 23/33 MP: 4/4
  1186 | D:2      | Noticed Jessica
  1187 | D:2      | Killed Jessica
  1458 | D:2      | Reached skill level 5 in Short Blades
  1539 | D:2      | Reached XP level 5. HP: 28/38 MP: 5/5
  1879 | D:3      | Found an ancient bone altar of Kikubaaqudgha.
  1944 | D:3      | Noticed Robin
  1961 | D:3      | Killed Robin
  2452 | D:4      | Reached skill level 6 in Short Blades
  2461 | D:4      | Noticed a phantom
  2650 | D:4      | Found an iron altar of Okawaru.
  2660 | D:4      | Identified the +3 spear of the Middle {venom, rElec Will+
                  | Int+5 Dex-2}
  2737 | D:4      | Found Lukoc's Antique Weapon Boutique.
  2947 | D:4      | Slain by a phantom

Illustrated notes

Levels and vault maps discovered:
D:1:      dpeg_arrival_pits, layout_loops_corners
D:2:      layout_basic, serial_undead, serial_undead_c, serial_undead_d,
          serial_undead_a, serial_undead_f, serial_undead_d, serial_undead_e,
          st_stairs_11, uniq_jessica
D:3:      layout_rooms, kiku_gazebo_garden_becter, uniq_robin
D:4:      cheibrodos_greedy_goblins, layout_loops_ring,
          okawaru_ov_weapons_minmay, serial_shops,
          nicolae_shop_overgrown_old_shop

Skill      XL: |  1  2  3  4  5 |
---------------+----------------+-----
Short Blades   | 1 3 4 5 6 |  6.3
Fighting       | |  1.7
Throwing       | |  3.2
Dodging        | |  2.1
Stealth        | |  1.5

Action                   |  1- 3 |  4- 6 || total
-------------------------+-------+-------++-------
Melee: Short sword       |   108 |   184 ||   292
       Bite              |    14 |    16 ||    30
Throw: Javelin           |     4 |    11 ||    15
       Dart              |       |    38 ||    38
 Stab: Sleeping          |     1 |       ||     1
Armor: Ring mail         |    55 |    52 ||   107
Dodge: Dodged            |    56 |    80 ||   136
